 Dungeon Sprint DCSS version 0.29-a0-409-gd843f3a48c (webtiles) character file.

Game seed: 10851197083497506754

84935 mhtbhm the Slayer (level 14, -3/118 HPs)
             Began as a Gargoyle Berserker on May 14, 2022.
             Was a High Priest of Trog.
             Slain by an azure jelly (55 damage)
             ... in the Dungeon (Sprint III: "The Ten Rune Challenge").
             The game lasted 00:12:19 (8494 turns).

mhtbhm the Slayer (Gargoyle Berserker)              Turns: 8494, Time: 00:12:19

Health: -3/118     AC: 35    Str: 26    XL:     14   Next: 83%
Magic:  14/14      EV: 11    Int: 10    God:    Trog [*****.]
Gold:   33         SH:  0    Dex:  9    Spells: 13/13 levels left

rFire   + . .      SeeInvis .   h - +8 demon whip (flame)
rCold   x . .      Faith    +   (no shield)
rNeg    + . .      Spirit   .   b - +5 plate armour of Theory {Slay+3}
rPois   ∞          Reflect  .   (helmet restricted)
rElec   +          Harm     .   (no cloak)
rCorr   .          Rampage  .   (no gloves)
Will    +....      NoTele   +   p - +0 pair of boots
Stlth   ..........              l - amulet "Unleubul" {Faith Stlth+}
HPRegen 0.29/turn               x - ring "Igazxo" {Fire rElec Slay+3}
MPRegen 0.14/turn               (no ring)

@: on berserk cooldown, flying, slowed, very slow
A: sickness immunity, AC +10, big wings, negative energy resistance 1,
electricity resistance, torment resistance 1, petrification resistance, horns 1,
clever 1
}: 2/10 runes: serpentine, barnacled
a: Renounce Religion, Berserk, Trog's Hand, Brothers in Arms


You were in the Dungeon.
You worshipped Trog.
Trog was extremely pleased with you.
You visited 1 branch You collected 2308 gold pieces.
You spent 2275 gold pieces at shops.

Inventory:

Hand Weapons
 a - the +9 great mace "Har Lob" {vorpal, rPois rC- Will++ rCorr}
   (Trog gifted it to you in the Dungeon)

   It inflicts extra damage upon your enemies.
   rC:        It makes you vulnerable to cold.
   rPois:     It protects you from poison.
   rCorr:     It protects you from acid and corrosion.
   Will:      It greatly increases your willpower.
 h - a +8 demon whip of flaming (weapon)
 r - a +6 morningstar
 s - a +0 vampiric war axe
 y - a +1 eveningstar of holy wrath
 A - a +2 great mace of draining
Missiles
 t - 7 curare-tipped darts (quivered)
 z - 5 javelins
Armour
 b - the +5 plate armour of Theory (worn) {Slay+3}
   (You bought it in a shop in the Dungeon)

   Slay:      It affects your accuracy & damage with ranged weapons and melee
   (+3).
 p - a +0 pair of boots (worn)
Jewellery
 l - the amulet "Unleubul" (around neck) {Faith Stlth+}
   (You bought it in a shop in the Dungeon)

   [amulet of faith]

   It allows you to gain divine favour quickly.
   Stlth:     It makes you more stealthy.
 x - the ring "Igazxo" (left hand) {Fire rElec Slay+3}
   (You found it in the Dungeon)

   [ring of fire]

   It enhances your fire magic.
   Slay:      It affects your accuracy & damage with ranged weapons and melee
   (+3).
   rF:        It protects you from fire.
   rC:        It makes you vulnerable to cold.
   rElec:     It insulates you from electricity.
Wands
 w - a wand of iceblast (7)
Scrolls
 i - 2 scrolls of poison
 j - a scroll of immolation
 k - 9 scrolls of identify
 u - a scroll of enchant armour
Potions
 c - 2 potions of curing
 d - 3 potions of heal wounds
 e - a potion of haste
 f - 3 potions of magic
 g - a potion of berserk rage
 m - a potion of flight
 n - 4 potions of mutation
 o - a potion of might
 v - a potion of resistance
Miscellaneous
 q - a lightning rod (4/4)


   Skills:
 + Level 25.1 Fighting
 + Level 24.0 Maces & Flails
 + Level 1.4 Throwing
 + Level 18.3 Armour
 + Level 12.5 Dodging
 + Level 7.8 Stealth
 + Level 7.2 Evocations


You had 13 spell levels left.
You didn't know any spells.
Your spell library was empty.

Dungeon Overview and Level Annotations

Branches:
Dungeon (1/1)

Altars:
Cheibriados
Dithmenos
Elyvilon
Fedhas
Gozag
Hepliaklqana
Kikubaaqudgha
Makhleb
Nemelex Xobeh
Okawaru
Qazlal
Ru
Sif Muna
Trog
Uskayaw
Vehumet
Wu Jian
Xom
Yredelemnul
Zin
The Shining One
Beogh
Jiyva
Lugonu

Shops:
D ?(::[!:!=(?:!!*(:[


Innate Abilities, Weirdness & Mutations

You are immune to sickness and miasma.
Your stone body is resilient. (AC +10)
You are immune to poison.
Your large and strong wings let you fly.
You resist negative energy. (rN+)
You are resistant to electric shocks. (rElec)
You are resistant to unholy torment.
You are immune to petrification.
You have a pair of small horns on your head.
Your mind is acute. (Int +2)


Message History

You are no longer berserk.
You are exhausted.
You feel yourself slow down.
Your Maces & Flails skill increases to level 24!
Your +8 demon whip of flaming bursts into flame!
h - a +8 demon whip of flaming (weapon)
The azure jelly hits you. The azure jelly freezes you!!
You feel a terrible chill! The azure jelly barely misses you.
The azure jelly hits you! The azure jelly barely misses you.
Unknown command.
Unknown command.
You whack the azure jelly! You burn the azure jelly!
The azure jelly is moderately wounded.
The azure jelly hits you but does no damage.
The azure jelly closely misses you. The azure jelly misses you.
The azure jelly hits you but does no damage.
Your stone giant goes berserk!
The azure jelly hits you but does no damage. x4
The azure jelly barely misses you.
The azure jelly hits you but does no damage.
The azure jelly hits you! The azure jelly closely misses you.
Unknown command.
Your stone giant hits the azure jelly!!!
The azure jelly hits you but does no damage. x4
You see here a +2 antimagic great mace.
Unknown command.
You closely miss the azure jelly.
The azure jelly is severely wounded.
The azure jelly hits your stone giant but does no damage.
The azure jelly hits your stone giant.
The azure jelly freezes your stone giant!!
The azure jelly hits your stone giant!
The azure jelly hits your stone giant but does no damage.
Your stone giant hits the azure jelly!!
Unknown command.
You whack the azure jelly! You burn the azure jelly.
The azure jelly is almost dead.
The azure jelly closely misses you. The azure jelly hits you.
The azure jelly freezes you!!!
You feel a terrible chill!
You die...

▓.................#___
▓▓▓▓▓▓▓▓▓▓▓▓▓▓▓▓▓▓▓▓▓▓
▓...+≈≈≈§≈≈≈≈≈♣♣.....
▓..P#≈≈≈§≈≈.≈≈♣♣.≈≈≈≈
▓..P#≈≈≈§§≈≈≈≈.'†....
▓..P#≈≈.≈.≈≈≈≈♣♣♣♣♣♣♣
..)#≈≈§§≈≈§≈≈♣
▓##[####'#######♣ ♣
▓.CJ@.....).....♣♣ ♣
▓#J#############'♣ ♣
▓.J.#≈P...)..)...♣
▓...+≈≈...########♣♣
▓...#≈≈≈..........P♣
▓...#≈≈≈≈.........P♣
#+#############'#####
▓...... ▓≈≈....


You could see 3 azure jellies and a friendly stone giant (summoned, berserk).

Vanquished Creatures
  Sigmund (D)
  2 bone dragons (D)
  Rupert (D)
  2 sphinxes (D)
  Gastronok (D)
  A kraken (D)
  An azure jelly (D)
  A nagaraja (D)
  4 vampire knights (D)
  2 dire elephants (D)
  A fire dragon (D)
  A yaktaur captain (D)
  Josephine (D)
  2 hydras (D)
  2 centaur warriors (D)
  6 anacondas (D)
  A naga warrior (D)
  4 dancing weapons (D)
  3 alligator snapping turtles (D)
  4 death yaks (D)
  Urug (D)
  4 orc high priests (D)
  2 skeletal warriors (D)
  A death drake (D)
  A lindwurm (D)
  An orange crystal statue (D)
  2 deep elf zephyrmancers (D)
  4 deep elf pyromancers (D)
  An orc sorcerer (D)
  2 elephants (D)
  2 ugly things (D)
  An elephant (shapeshifter) (D)
  7 black mambas (D)
  A guardian serpent (D)
  2 cane toads (D)
  Edmund (D)
  A rime drake (D)
  A komodo dragon (D)
  An unseen horror (D)
  3 wandering mushrooms (D)
  4 guardian mummies (D)
  4 spriggan defenders (D)
  A queen bee (D)
  2 tyrant leeches (D)
  6 slime creatures (D)
  8 blink frogs (D)
  2 snapping turtles (D)
  A shadow (D)
  3 redbacks (D)
  A spatial vortex (D)
  2 nagas (D)
  A floating eye (D)
  4 water moccasins (D)
  2 orc warriors (D)
  A swamp drake (D)
  2 centaurs (D)
  An earth elemental (D)
  A necrophage (D)
  A water elemental (D)
  32 killer bees (D)
  An electric eel (D)
  A jelly (D)
  4 orc priests (D)
  A wizard (D)
  4 necromancers (D)
  3 orc wizards (D)
  3 humans (D)
  A kobold demonologist (D)
  A wolf (D)
  5 adders (D)
  An adder zombie (D)
  8 orcs (D)
  A ball python simulacrum (D)
  A bat simulacrum (D)
  A quokka zombie (D)
  4 rats (D)
  2 plants (D)
  2 tentacles (D)
203 creatures vanquished.

Vanquished Creatures (collateral kills)
  A snapping turtle (D)
  2 tentacles (D)
3 creatures vanquished.

Vanquished Creatures (others)
  2 bushes (D)
  16 plants (D)
  12 tentacles (D)
30 creatures vanquished.

Grand Total: 236 creatures vanquished

Notes
Turn   | Place    | Note
-------+----------+-------------------------------------------
     0 | D        | mhtbhm the Gargoyle Berserker began the quest for the Orb.
     0 | D        | Reached XP level 1. HP: 14/14 MP: 1/1
    17 | D        | Reached ** piety under Trog
    55 | D        | Noticed a wolf
    60 | D        | Reached skill level 4 in Fighting
    60 | D        | Reached XP level 2. HP: 20/20 MP: 2/2
    63 | D        | Reached skill level 5 in Fighting
    63 | D        | Reached skill level 5 in Maces & Flails
    63 | D        | Reached XP level 3. HP: 26/26 MP: 3/3
    85 | D        | Gained mutation: Your mind is acute. (Int +2) [potion of
                  | mutation]
    85 | D        | Gained mutation: You have a pair of small horns on your
                  | head. [potion of mutation]
   164 | D        | Noticed a water elemental
   169 | D        | Killed a water elemental
   170 | D        | Reached skill level 6 in Fighting
   170 | D        | Reached XP level 4. HP: 32/32 MP: 4/4
   263 | D        | Found a basalt altar of Yredelemnul.
   263 | D        | Found a shadowy altar of Dithmenos.
   263 | D        | Found a sacrificial altar of Ru.
   263 | D        | Noticed a necrophage
   266 | D        | Reached *** piety under Trog
   267 | D        | Reached skill level 7 in Fighting
   267 | D        | Reached XP level 5. HP: 37/38 MP: 5/5
   284 | D        | Reached skill level 8 in Fighting
   420 | D        | Found a glowing silver altar of Zin.
   420 | D        | Found a glowing golden altar of the Shining One.
   420 | D        | Found a white marble altar of Elyvilon.
   420 | D        | Noticed a deep elf pyromancer
   425 | D        | Killed a deep elf pyromancer
   425 | D        | Reached **** piety under Trog
   426 | D        | Reached skill level 10 in Fighting
   426 | D        | Reached skill level 10 in Maces & Flails
   426 | D        | Reached skill level 5 in Armour
   426 | D        | Reached XP level 6. HP: 48/48 MP: 6/6
   426 | D        | Reached XP level 7. HP: 53/53 MP: 7/7
   485 | D        | Found a hide-covered altar of Uskayaw.
   485 | D        | Found an iron altar of Okawaru.
   485 | D        | Found a bloodstained altar of Trog.
   485 | D        | Found an ornate altar of the Wu Jian Council.
   485 | D        | Noticed a human
   487 | D        | Noticed a human
   494 | D        | Killed a human
   495 | D        | Reached skill level 11 in Fighting
   495 | D        | Reached skill level 5 in Dodging
   497 | D        | Killed a human
   498 | D        | Reached XP level 8. HP: 60/60 MP: 8/8
   568 | D        | Found a radiant altar of Vehumet.
   568 | D        | Found a shimmering blue altar of Sif Muna.
   568 | D        | Found an ancient bone altar of Kikubaaqudgha.
   572 | D        | Noticed an ice devil
   577 | D        | Reached ***** piety under Trog
   710 | D        | Noticed a shadow
   717 | D        | Killed a shadow
   941 | D        | Found a blossoming altar of Fedhas.
   941 | D        | Found a stormy altar of Qazlal.
   941 | D        | Found a snail-covered altar of Cheibriados.
   941 | D        | Found a burning altar of Makhleb.
   941 | D        | Found a shimmering altar of Xom.
   942 | D        | Found a hazy altar of Hepliaklqana.
   942 | D        | Found an opulent altar of Gozag.
   942 | D        | Found a sparkling altar of Nemelex Xobeh.
   942 | D        | Found a corrupted altar of Lugonu.
   942 | D        | Found a viscous altar of Jiyva.
  1157 | D        | HP: 4/90 [spatial vortex (22)]
  1440 | D        | Reached skill level 12 in Fighting
  1456 | D        | Noticed Josephine
  1469 | D        | Killed Josephine
  1470 | D        | Reached XP level 9. HP: 45/67 MP: 9/9
  1591 | D        | Reached skill level 13 in Fighting
  1782 | D        | Noticed a centaur warrior
  1792 | D        | Killed a centaur warrior
  1794 | D        | Reached skill level 1 in Stealth
  1796 | D        | Reached skill level 15 in Maces & Flails
  1927 | D        | Killed an unseen horror
  2042 | D        | Noticed a wandering mushroom
  2046 | D        | Noticed a wandering mushroom
  2048 | D        | Noticed a wandering mushroom
  2070 | D        | Killed a wandering mushroom
  2190 | D        | Killed a wandering mushroom
  2191 | D        | Reached skill level 14 in Fighting
  2191 | D        | Reached skill level 1 in Evocations
  2191 | D        | Reached XP level 10. HP: 29/75 MP: 10/10
  2305 | D        | Reached ****** piety under Trog
  2517 | D        | Received a gift from Trog
  2518 | D        | Received a gift from Trog
  2519 | D        | Received a gift from Trog
  2520 | D        | Received a gift from Trog
  2550 | D        | Received a gift from Trog
  2551 | D        | Reached skill level 15 in Fighting
  2775 | D        | Noticed an orc sorcerer
  2775 | D        | Found Weulutat's Book Emporium.
  2775 | D        | Noticed an orc high priest
  2775 | D        | Noticed an orc high priest
  2778 | D        | Killed an orc sorcerer
  2778 | D        | Received a gift from Trog
  2779 | D        | Received a gift from Trog
  2780 | D        | Killed an orc high priest
  2781 | D        | Reached XP level 11. HP: 82/83 MP: 11/11
  2784 | D        | Killed an orc high priest
  2901 | D        | Noticed a deep elf zephyrmancer
  2901 | D        | Noticed a deep elf zephyrmancer
  2901 | D        | Noticed a deep elf pyromancer
  2901 | D        | Noticed a deep elf pyromancer
  2901 | D        | Noticed a deep elf pyromancer
  2909 | D        | Killed a deep elf pyromancer
  2910 | D        | Reached skill level 16 in Fighting
  2910 | D        | Reached skill level 10 in Dodging
  2910 | D        | Noticed a deep elf demonologist
  2912 | D        | Killed a deep elf pyromancer
  2912 | D        | Received a gift from Trog
  2918 | D        | Noticed a deep elf annihilator
  2919 | D        | Noticed a sun demon
  2921 | D        | Killed a deep elf zephyrmancer
  2923 | D        | Killed a deep elf pyromancer
  2924 | D        | Killed a deep elf zephyrmancer
  3197 | D        | Noticed Sigmund
  3197 | D        | Noticed Edmund
  3210 | D        | Killed Edmund
  3210 | D        | Identified the +5 great sword "Axidgh" {vorpal, Dex+2}
                  | (Trog gifted it to you in the Dungeon)
  3210 | D        | Received a gift from Trog
  3211 | D        | Reached skill level 5 in Evocations
  3215 | D        | Killed Sigmund
  3216 | D        | Reached skill level 17 in Fighting
  3568 | D        | Received a gift from Trog
  3569 | D        | Reached skill level 5 in Stealth
  3577 | D        | Noticed a skeletal warrior
  3590 | D        | Killed a skeletal warrior
  3896 | D        | Noticed an orange crystal statue
  3909 | D        | Killed an orange crystal statue
  3910 | D        | Reached skill level 18 in Fighting
  3910 | D        | Reached XP level 12. HP: 92/92 MP: 3/12
  3918 | D        | Found Cyurch's Distillery.
  3918 | D        | Found Upuant's General Store.
  3918 | D        | Found Sogumiw's Antique Armour Shoppe.
  3918 | D        | Found Kuton's Book Boutique.
  3918 | D        | Found Ciojeaz's Distillery.
  3918 | D        | Found Ipeor's Book Emporium.
  3918 | D        | Found Ylarph's Antique Weapon Boutique.
  3919 | D        | Found Qogexos's Magic Scroll Boutique.
  3919 | D        | Found Ompu's Antique Weapon Shoppe.
  3919 | D        | Found Jael's Jewellery Shop.
  3919 | D        | Found Fisei's Distillery.
  3954 | D        | Bought a jade-encrusted plate armour for 700 gold pieces
  3954 | D        | Identified the +2 plate armour of the Frog {Int+4} (You
                  | bought it in a shop in the Dungeon)
  3955 | D        | Bought a pitted plate armour for 700 gold pieces
  3955 | D        | Identified the +5 plate armour of Theory {Slay+3} (You
                  | bought it in a shop in the Dungeon)
  3965 | D        | Bought the amulet "Unleubul" {Faith Stlth+} for 498 gold
                  | pieces
  3972 | D        | Bought a scroll of enchant armour for 97 gold pieces
  3973 | D        | Bought 2 potions of heal wounds for 130 gold pieces
  3975 | D        | Bought a potion of resistance for 100 gold pieces
  3975 | D        | Bought a potion of heal wounds for 50 gold pieces
  4017 | D        | Received a gift from Trog
  4082 | D        | Identified the ring "Igazxo" {Fire rElec Slay+3}
  4091 | D        | Noticed a centaur warrior
  4097 | D        | Killed a centaur warrior
  4112 | D        | Noticed a fire dragon
  4121 | D        | Killed a fire dragon
  4122 | D        | Reached skill level 10 in Armour
  4225 | D        | Received a gift from Trog
  4230 | D        | Reached skill level 19 in Fighting
  4448 | D        | Noticed a yaktaur captain
  4501 | D        | Killed a yaktaur captain
  4501 | D        | Received a gift from Trog
  4644 | D        | Received a gift from Trog
  4694 | D        | Noticed a bone dragon
  4708 | D        | Killed a bone dragon
  4709 | D        | Reached skill level 20 in Fighting
  4946 | D        | Noticed a vampire knight
  4952 | D        | Killed a vampire knight
  4953 | D        | Reached XP level 13. HP: 71/101 MP: 13/13
  5075 | D        | Received a gift from Trog
  5083 | D        | Noticed a bone dragon
  5094 | D        | Killed a bone dragon
  5346 | D        | Noticed a vampire knight
  5351 | D        | Killed a vampire knight
  5351 | D        | Received a gift from Trog
  5357 | D        | Noticed a vampire knight
  5362 | D        | Killed a vampire knight
  5363 | D        | Reached skill level 21 in Fighting
  5446 | D        | Received a gift from Trog
  5477 | D        | Noticed a vampire knight
  5481 | D        | Killed a vampire knight
  5485 | D        | Noticed a sphinx
  5485 | D        | Noticed a sphinx
  5498 | D        | Killed a sphinx
  5498 | D        | Received a gift from Trog
  5507 | D        | Killed a sphinx
  6012 | D        | Received a gift from Trog
  6123 | D        | Reached skill level 22 in Fighting
  6125 | D        | Received a gift from Trog
  6193 | D        | Noticed Urug
  6200 | D        | Killed Urug
  6354 | D        | Received a gift from Trog
  6440 | D        | Reached skill level 15 in Armour
  6440 | D        | Gained mutation: Your large and strong wings let you fly.
                  | [Gargoyle growth]
  6440 | D        | Reached XP level 14. HP: 102/112 MP: 14/14
  6441 | D        | Identified the +9 great mace "Har Lob" {vorpal, rPois rC-
                  | Will++ rCorr} (Trog gifted it to you in the Dungeon)
  6441 | D        | Received a gift from Trog
  6479 | D        | Received a gift from Trog
  6486 | D        | Reached skill level 23 in Fighting
  6597 | D        | Noticed a nagaraja
  6599 | D        | Found Ampoynes's Book Shop.
  6599 | D        | Found Ylej's Antique Armour Shoppe.
  6602 | D        | Killed a nagaraja
  6602 | D        | Received a gift from Trog
  6603 | D        | Found Weg Vaf's Distillery.
  6749 | D        | Received a gift from Trog
  6755 | D        | Got a serpentine rune of Zot
  6879 | D        | Noticed Rupert
  6886 | D        | Killed Rupert
  6992 | D        | Received a gift from Trog
  7001 | D        | Reached skill level 24 in Fighting
  7011 | D        | Received a gift from Trog
  7016 | D        | Noticed an azure jelly
  7016 | D        | Noticed an azure jelly
  7211 | D        | Noticed a kraken
  7228 | D        | HP: 8/174 [snapping turtle (14)]
  7632 | D        | Received a gift from Trog
  7873 | D        | Killed a kraken
  8024 | D        | Found Zicu's Magic Scroll Shoppe.
  8024 | D        | Found Unialilo's Antique Weapon Boutique.
  8024 | D        | Found Naxy's Book Shop.
  8034 | D        | Reached skill level 1 in Throwing
  8044 | D        | HP: 8/174 [alligator snapping turtle (29)]
  8052 | D        | Got a barnacled rune of Zot
  8437 | D        | Noticed an azure jelly
  8437 | D        | Noticed an azure jelly
  8465 | D        | Noticed a dire elephant
  8465 | D        | Noticed a dire elephant
  8465 | D        | Noticed Gastronok
  8469 | D        | Killed a dire elephant
  8475 | D        | Killed a dire elephant
  8480 | D        | Killed Gastronok
  8482 | D        | Received a gift from Trog
  8483 | D        | Reached skill level 25 in Fighting
  8488 | D        | Killed an azure jelly
  8494 | D        | Slain by an azure jelly

Illustrated notes

Levels and vault maps discovered:
D:        dungeon_sprint_mu [sprint_mu_entry_forest, sprint_mu_temple_rooms,
          sprint_mu_d1_horrors, sprint_mu_d2_genie, sprint_mu_d3_branching,
          sprint_mu_orc_legion, sprint_mu_elf_gauntlet, sprint_mu_hive_nellie,
          sprint_mu_lair_fedhas, sprint_mu_vaults_butterflies,
          sprint_mu_slime_circle, sprint_mu_shoals_kraken,
          sprint_mu_snake_twists, sprint_mu_blade_basic,
          sprint_mu_crypt_chambers, sprint_mu_tomb_spiral,
          sprint_mu_vestibule_basic, sprint_mu_gehenna_hellfire,
          sprint_mu_dis_giant, sprint_mu_tartarus_statrot,
          sprint_mu_cocytus_islands, sprint_mu_zot1]

Skill      XL: |  1  2  3  4  5  6  7  8  9 10 11 12 13 14 |
---------------+-------------------------------------------+-----
Fighting       | 4 5 6 7 10 11 12 14 15 18 20 22 25 | 25.1
Maces & Flails | 4 5 6 10 11 13 15 16 17 19 22 24 | 24.0
Dodging        | 2 3 4 5 6 7 9 11 12 | 12.5
Armour         | 3 5 6 7 8 9 12 15 18 | 18.3
Stealth        | 1 3 5 7 |  7.8
Evocations     | 1 3 6 7 |  7.2
Throwing       | 1 |  1.4

Action                   |  1- 3 |  4- 6 |  7- 9 | 10-12 | 13-15 || total
-------------------------+-------+-------+-------+-------+-------++-------
Melee: Mace              |    19 |    24 |   120 |    39 |       ||   202
       Headbutt          |     2 |     1 |    27 |    57 |    75 ||   162
       Punch             |       |       |     2 |       |       ||     2
       Dire flail        |       |       |       |   132 |       ||   132
       Great mace        |       |       |       |    53 |   312 ||   365
       Demon whip        |       |       |       |       |     3 ||     3
Throw: Dart              |       |       |       |       |     3 ||     3
Invok: Berserk           |     2 |     1 |     5 |     5 |     6 ||    19
       Brothers in Arms  |       |       |       |       |     3 ||     3
Evoke: Lightning rod     |       |       |     2 |    13 |       ||    15
  Use: Potion            |     1 |       |       |     1 |     1 ||     3
       Scroll            |       |       |       |     4 |     1 ||     5
 Stab: Sleeping          |       |       |       |     2 |       ||     2
       Confused          |       |       |       |       |     1 ||     1
Armor: Animal skin       |     6 |       |       |       |       ||     6
       Leather armour    |     4 |     3 |    35 |    29 |       ||    71
       Plate armour      |       |       |       |    63 |   212 ||   275
Dodge: Dodged            |     8 |    11 |    46 |    78 |   119 ||   262

Table legend: (Time is in decaauts)
 A = Elapsed time spent in this place.
 B = Non-inter-level travel time spent in this place.
 C = Inter-level travel time spent in this place.
 D = Time resting spent in this place.
 E = Time spent auto-exploring this place.
 F = Levels seen in this place.
 G = Mean time per level.
                   A        B        C        D        E       F      G
               +--------+--------+--------+--------+--------+-----+--------+
         Total |   8491 |   8469 |     22 |   6220 |    214 |   1 | 8491.0 |
       Dungeon |   8491 |   8469 |     22 |   6220 |    214 |   1 | 8491.0 |
               +--------+--------+--------+--------+--------+-----+--------+

Top non-repeatable levels by time:
       D: 8491 daAuts
